 Dungeon Crawl Stone Soup version 0.29.1-2-gbd0b4ee654 (webtiles) character file.

Game seed: 18010564534964645686

224 xian the Trooper (level 5, -2/42 HPs)
             Began as a Demonspawn Abyssal Knight on Nov 13, 2022.
             Was a Believer of Lugonu.
             Slain by Eustachio
             ... wielding a +0 falchion
              (3 damage)
             ... on level 4 of the Dungeon.
             The game lasted 00:05:02 (3313 turns).

xian the Trooper (Demonspawn Abyssal Knight)        Turns: 3313, Time: 00:05:03

Health: -2/42      AC:  6    Str: 15      XL:     5   Next: 67%
Magic:  7/7        EV:  6    Int: 18      God:    Lugonu [**....]
Gold:   148        SH:  0    Dex: 12 (13) Spells: 4/4 levels left

rFire   . . .      SeeInvis .   a - +1 short sword
rCold   . . .      Faith    .   (no shield)
rNeg    . . .      Spirit   .   g - +0 scale mail
rPois   .          Reflect  .   (helmet restricted)
rElec   .          Harm     .   j - scarf {repulsion}
rCorr   .          Rampage  .   (no gloves)
Will    .....                   (no boots)
Stlth   ..........              (no amulet)
HPRegen 0.14/turn               q - +6 ring of intelligence
MPRegen 0.10/turn               (no ring)

@: grasped by roots, attractive, constricted, repel missiles
A: horns 1
a: Renounce Religion, Depart the Abyss, Bend Space


You were on level 4 of the Dungeon.
You worshipped Lugonu.
Lugonu was pleased with you.
You visited 1 branch of the dungeon, and saw 4 of its levels.
You visited the Abyss 1 time.

You collected 148 gold pieces.

Inventory:

Hand Weapons
 a - a +1 short sword (weapon)
Missiles
 i - 10 poisoned darts (quivered)
 u - 6 boomerangs of dispersal
 v - 2 javelins
Armour
 g - a +0 scale mail (worn)
 j - a scarf of repulsion (worn)
 t - a +0 cloak
Jewellery
 q - a +6 ring of intelligence (left hand)
Scrolls
 b - a scroll of identify {unknown}
 c - a scroll of enchant weapon {unknown}
 d - a scroll of silence {unknown}
 e - a scroll of fear {unknown}
 f - 2 scrolls of butterflies {unknown}
 k - 3 scrolls of amnesia {unknown}
 o - 2 scrolls of immolation {unknown}
Potions
 h - a potion of berserk rage {unknown}
 l - 2 potions of invisibility {unknown}
 m - a potion of brilliance {unknown}
 n - a potion of attraction
 p - a potion of resistance {unknown}
 r - a potion of flight {unknown}
 s - 3 potions of curing {unknown}


   Skills:
 + Level 4.0 Fighting
 + Level 3.5 Short Blades
 + Level 0.1 Throwing
 + Level 3.0 Armour
 + Level 1.6 Dodging
 + Level 0.4 Stealth
 + Level 3.0 Invocations


You had 4 spell levels left.
You didn't know any spells.
Your spell library contained the following spells:

 Spells                   Type           Power      Damage    Failure   Level
 Ensorcelled Hibernation  Hex/Ice        0%         N/A       77%         2
 Spider Form              Tmut/Pois      0%         N/A       94%         3
 Anguish                  Hex/Necr       0%         N/A       100%        4


Dungeon Overview and Level Annotations

Branches:
Dungeon (4/15)
 Temple: D:4-7

Altars:
Wu Jian

Annotations:
D:4 Eustachio


Innate Abilities, Weirdness & Mutations

You have a pair of small horns on your head.


Message History

You hit Eustachio. Your headbutt misses Eustachio.
Eustachio is moderately wounded.
Eustachio hits you but does no damage. The ufetubus barely misses you.
The ufetubus hits you but does no damage.
The crimson imp shouts, "Run away, thou grime-gilt crook-pated bandersnitch!"
Unknown command.
You hit Eustachio.
Eustachio is moderately wounded.
The ufetubus hits you but does no damage.
The ufetubus closely misses you. Eustachio misses you. The ufetubus hits you.
The ufetubus hits you but does no damage.
You barely miss Eustachio.
Eustachio is moderately wounded.
Eustachio casts a spell.
Eustachio blinks!
The ufetubus hits you but does no damage.
The ufetubus hits you.
The crimson imp shouts, "Give up, thou unhinged milk-livered giglet!"
You hit Eustachio.
Eustachio is heavily wounded.
The ufetubus hits you but does no damage. x2
Eustachio zaps a wand.
The roots erupt in riotous growth!
The grasping roots grab you!
The ufetubus is unaffected.
Eustachio is unaffected.
The grasping roots constrict you.
The crimson imp blinks!
The ufetubus barely misses you. The ufetubus closely misses you.
You hit Eustachio. You headbutt Eustachio.
Eustachio is heavily wounded.
Eustachio hits you with a +0 falchion.
* * * LOW HITPOINT WARNING * * *
The grasping roots constrict you.
* * * LOW HITPOINT WARNING * * *
The ufetubus hits you.
* * * LOW HITPOINT WARNING * * *
The ufetubus hits you but does no damage.
It was a potion of attraction.
You feel attractive to monsters.
The ufetubus hits you but does no damage. x2
Eustachio hits you with a +0 falchion.
You die...

.. ... ....
#.... .....#
#.( ###.....#
... #@5# ....
#@## ...#.
#b######.....
#5(..........
###.5.(...#
##...(.##
##....#
##...# ......


You could see Eustachio, 2 ufetubi and a bat (summoned).

Vanquished Creatures
  A scorpion (D:3)
  2 hounds (D:3)
  5 adders
  A worm (D:3)
  3 dart slugs (D:1)
  4 ball pythons
  2 bats
  3 endoplasms
  7 giant cockroaches
  4 goblins
  2 hobgoblins
  4 jackals (D:3)
  4 frilled lizards
  5 kobolds
  8 rats
55 creatures vanquished.

Notes
Turn   | Place    | Note
-------+----------+-------------------------------------------
     0 | Abyss:1  | xian the Demonspawn Abyssal Knight began the quest for the
                  | Orb.
     0 | Abyss:1  | Reached XP level 1. HP: 18/18 MP: 2/2
    16 | Abyss:1  | Found a corrupted altar of Lugonu.
    57 | Abyss:1  | Found a corrupted altar of Lugonu.
    68 | Abyss:1  | Found a corrupted altar of Lugonu.
    83 | Abyss:1  | Noticed a large abomination
    91 | D:1      | Escaped the Abyss
   448 | D:1      | Gained mutation: You have a pair of small horns on your
                  | head. [demonic ancestry]
   448 | D:1      | Reached XP level 2. HP: 5/24 MP: 4/4
   973 | D:1      | Reached ** piety under Lugonu
  1170 | D:1      | Reached skill level 1 in Dodging
  1325 | D:1      | Reached XP level 3. HP: 29/29 MP: 5/5
  1753 | D:2      | Found an ornate altar of the Wu Jian Council.
  1954 | D:2      | Reached XP level 4. HP: 33/36 MP: 6/6
  2765 | D:3      | Reached XP level 5. HP: 39/42 MP: 7/7
  2933 | D:3      | Found a faded altar of an unknown god.
  3037 | D:3      | Reached skill level 4 in Fighting
  3179 | D:4      | Noticed Eustachio
  3312 | D:4      | HP: 1/42 [ufetubus[Eustachio] (4)]
  3313 | D:4      | Slain by Eustachio

Illustrated notes

Levels and vault maps discovered:
D:1:      wander_arrival_peaceful_grave, layout_basic, serial_glass,
          glass_columns_a, glass_columns_b, corexii_corridor_pit,
          kennysheep_flooded_box
D:2:      layout_loops_ring, basic_altar, kennysheep_generic_room_16
D:3:      layout_rooms, shapermc_ecumenical_altar_totnotflames
D:4:      layout_layer_cave, fiery_altar_vehumet, amcnicky_altar_gilded,
          uniq_eustachio, uniq_natasha

Skill      XL: |  1  2  3  4  5 |
---------------+----------------+-----
Armour         | 2 3 |  3.0
Short Blades   | 2 3 |  3.5
Dodging        | 1 |  1.6
Invocations    | 3 |  3.0
Fighting       | 4 |  4.0
Throwing       | |  0.1
Stealth        | |  0.4

Action                   |  1- 3 |  4- 6 || total
-------------------------+-------+-------++-------
Melee: Short sword       |   149 |    97 ||   246
       Headbutt          |    14 |    14 ||    28
       Punch             |       |     1 ||     1
Throw: Dart              |       |    13 ||    13
Invok: Depart the Abyss  |     1 |       ||     1
  Use: Potion            |       |     1 ||     1
Armor: Leather armour    |    26 |       ||    26
       Scale mail        |    36 |    65 ||   101
Dodge: Dodged            |    73 |    74 ||   147
